 Dungeon Crawl Stone Soup version 0.28.0-53-g5a82cb258f (webtiles) character file.

Game seed: 18205498194198926546

56 safid the Skirmisher (level 3, -2/33 HPs)
             Began as a Hill Orc Fighter on Aug 12, 2022.
             Slain by an orc
             ... wielding a +1 trident of protection
              (4 damage)
             ... on level 3 of the Dungeon.
             The game lasted 00:01:22 (2389 turns).

safid the Skirmisher (Hill Orc Fighter)             Turns: 2389, Time: 00:01:22

Health: -2/33      AC:  8    Str: 20    XL:     3   Next: 95%
Magic:  3/3        EV:  9    Int:  8    God:
Gold:   85         SH:  4    Dex: 10    Spells: 2/2 levels left

rFire   . . .      SeeInvis .   a - +0 war axe
rCold   . . .      Faith    .   c - +0 buckler
rNeg    . . .      Spirit   .   b - +0 scale mail
rPois   .          Reflect  .   (no helmet)
rElec   .          Harm     .   l - +0 cloak
rCorr   .          Rampage  .   (no gloves)
Will    .....                   (no boots)
Stlth   ..........              (no amulet)
HPRegen 0.11/turn               (no ring)
MPRegen 0.08/turn               (no ring)

@: no status effects
A: no striking features
a: no special abilities


You were on level 3 of the Dungeon.
You visited 1 branch of the dungeon, and saw 3 of its levels.

You collected 85 gold pieces.

Inventory:

Hand Weapons
 a - a +0 war axe (weapon)
Armour
 b - a +0 scale mail (worn)
 c - a +0 buckler (worn)
 l - a +0 cloak (worn)
Jewellery
 m - a ring of fire
Scrolls
 f - a scroll of teleportation {unknown}
 h - 2 scrolls of blinking {unknown}
 j - 2 scrolls of magic mapping {unknown}
 k - 2 scrolls of noise {unknown}
Potions
 d - a potion of might
 e - a potion of lignification {unknown}
 g - a potion of curing {unknown}
 i - a potion of flight {unknown}


   Skills:
 - Level 4.0 Fighting
 + Level 3.6 Axes
 + Level 3.9 Armour
 + Level 3.9 Shields


You had 2 spell levels left.
You didn't know any spells.
Your spell library contained the following spells:

 Spells                   Type           Power      Damage    Failure   Level
 Ignite Poison            Fire/Tmut/Pois 0%         N/A       99%         3
 Mephitic Cloud           Conj/Pois/Air  0%         N/A       99%         3
 Freezing Cloud           Conj/Ice/Air   0%         6-21      100%        5


Dungeon Overview and Level Annotations

Branches:
Dungeon (3/15)

Altars:


Message History

The orc hits you but does no damage.
Unknown command.
You hit the orc but do no damage.
The orc is almost dead.
You closely miss something. Something hits you but does no damage.
The orc hits you but does no damage. The orc completely misses you.
Unknown command.
You slash the orc!
You kill the orc!
You barely miss something. Something hits you but does no damage.
The orc hits you but does no damage. Something hits you but does no damage.
Unknown command.
You closely miss something. The orc barely misses you.
You hear some strange, mumbled words.
A puff of flame appears from out of thin air!
The puff of flame hits you. The orc hits you but does no damage.
You closely miss something.
You hear some strange, mumbled words.
A puff of flame appears from out of thin air!
The puff of flame hits you! The orc barely misses you.
You closely miss something. Something hits you but does no damage.
The orc closely misses you. You block something's attack.
The orc closely misses you.
You slash something! Something hits you.
The orc hits you from afar with a +1 trident of protection.
You miss something. Something hits you but does no damage.
The orc barely misses you.
You barely miss something. Something hits you but does no damage.
The orc misses you. Something hits you but does no damage.
The orc hits you but does no damage.
You miss something. Something hits you.
The orc hits you from afar with a +1 trident of protection!
* * * LOW HITPOINT WARNING * * *
You barely miss something.
You hear some strange, mumbled words.
A magic dart appears from out of thin air!
The magic dart hits you.
* * * LOW HITPOINT WARNING * * *
The orc hits you from afar with a +1 trident of protection.
You die...

##.###<########
#.# #.# #.# #.#
#.# #.# ## #.#
#.# . #.# #.#.#
#.###.#.#
#.....).#
#####@###
#..oo{).......
##.###.#######
..# ... ..## ..
#.#


You could see 2 orcs.

Vanquished Creatures
  2 worms (D:2)
  2 dart slugs (D:1)
  3 orcs (D:3)
  6 endoplasms (D:1)
  2 goblins
  4 hobgoblins
  3 kobolds
  A quokka (D:1)
  4 bats
  10 frilled lizards
  5 rats
42 creatures vanquished.

Notes
Turn   | Place    | Note
-------+----------+-------------------------------------------
     0 | D:1      | safid the Hill Orc Fighter began the quest for the Orb.
     0 | D:1      | Reached XP level 1. HP: 19/19 MP: 1/1
   216 | D:1      | Reached XP level 2. HP: 20/27 MP: 2/2
   643 | D:1      | Reached skill level 4 in Fighting
   738 | D:1      | Reached XP level 3. HP: 33/33 MP: 3/3
  1218 | D:2      | Found a faded altar of an unknown god.
  2389 | D:3      | Slain by an orc

Illustrated notes

Levels and vault maps discovered:
D:1:      dpeg_arrival_boxes_within_box, layout_basic, minmay_lizard_pond
D:2:      layout_basic, hellmonk_ecumenical_altar_pennies_from_heaven,
          chequers_serial_rivers_large_b, hangedman_abyss_or_decor_lesser_grid
D:3:      minmay_general_purpose_star, layout_basic, minmay_increasing_density,
          uniq_grinder

Skill      XL: |  1  2 |
---------------+-------+-----
Axes           | 3 |  3.6
Fighting       | 4 |  4.0
Armour         | |  3.9
Shields        | |  3.9

Action                   || total
-------------------------++-------
Melee: War axe           ||   136
Armor: Scale mail        ||    75
Dodge: Dodged            ||    65
Block: Buckler           ||    26
